 Dungeon Crawl Stone Soup version 0.32-a0-355-ged53ad6fd3 (webtiles) character file.

Game seed: 5418179381417086915

1769539 iamserjio the Slayer (level 27, 151/232 HPs)
             Began as an Armataur Monk on Feb 18, 2024.
             Was a High Priest of Hepliaklqana.
             Escaped with the Orb
             ... and 3 runes!
             The game lasted 01:56:27 (65331 turns).

iamserjio the Slayer (Armataur Monk)               Turns: 65331, Time: 01:56:28

Health: 151/232    AC: 46    Str: 29    XL:     27
Magic:  31/31      EV: 12    Int:  7    God:    Hepliaklqana [*****.]
Gold:   837        SH: 28    Dex: 14    Spells: 29/33 levels left

rFire   + . .        u - +9 broad axe (venom)
rCold   + . .        w - +6 tower shield {rPois}
rNeg    . . .        z - +8 plate armour of Starshine {Rampage rElec Int-4 Stlth-}
rPois   +            p - +2 helmet
rElec   +            a - scarf {rC+ rF+}
rCorr   .            K - +2 pair of gloves
SInv    .            i - +6 lightning scales {swift, rElec}
Will    +++..        s - amulet of regeneration Stlth
                     W - ring of willpower
HPRegen 1.38/turn    t - +5 ring of evasion
MPRegen 0.22/turn

%: roll
@: studying 2 skills, quick
A: reduced essence, large, deformed body, tough skin 3, armoured tail, roll 2
0: Orb of Zot
}: 3/15 runes: serpentine, barnacled, silver
a: Renounce Religion, Recall Ancestor, Ancestor Identity, Transference, Idealise


You escaped.
You worshipped Hepliaklqana.
Hepliaklqana was extremely pleased with you.
You visited 10 branches of the dungeon, and saw 48 of its levels.
You visited 1 bazaar.
You also visited: Gauntlet, Ice Cave and Wizlab.

You collected 10033 gold pieces.
You spent 9196 gold pieces at shops.

Inventory:

Hand Weapons
 e - a +3 vampiric demon trident
 u - a +9 broad axe of venom (weapon)
 B - a +4 war axe of distortion
 S - the +5 spear "Uduanio" {antimagic, *Rage rC+ rCorr}
   (You took it off a deep elf annihilator on level 3 of the Elven Halls)

   rC+:       It protects you from cold.
   *Rage:     It berserks you when you make melee attacks (+20% chance).
   rCorr:     It protects you from acid and corrosion.
Missiles
 h - 9 curare-tipped darts
 F - 7 silver javelins
 G - 32 boomerangs (quivered)
 H - 2 throwing nets {!f}
 U - 19 javelins
 X - 5 darts of dispersal
Armour
 a - a scarf of resistance (worn)
 i - the +6 lightning scales (worn) {swift, rElec}
   (You acquired it on level 3 of the Dungeon)

   Swift:     It allows the wearer to cover ground more swiftly.
   rElec:     It insulates you from electricity.
 p - a +2 helmet (worn)
 w - a +6 tower shield of poison resistance (worn)
 z - the +8 plate armour of Starshine (worn) {Rampage rElec Int-4 Stlth-}
   (You found it in an ice cave)

   Int-4:     It affects your intelligence (-4).
   rElec:     It insulates you from electricity.
   Rampage:   It bestows one free step when moving towards enemies.
   Stlth-:    It makes you less stealthy.
 K - a +2 pair of gloves (worn)
Jewellery
 g - the ring of Awe {rN++ MP+9}
   (You found it in a Gauntlet)

   [ring of magical power]

   rN++:      It greatly protects you from negative energy.
   MP+9:      It affects your magic capacity (+9).
 n - the ring "Kinogell" {rPois rF+ rC+ rCorr Int-2}
   (You found it in a Gauntlet)

   [ring of protection from cold]

   Int-2:     It affects your intelligence (-2).
   rF+:       It protects you from fire.
   rC+:       It protects you from cold.
   rPois:     It protects you from poison rCorr: It protects you from acid and
   corrosion.
 s - an amulet of regeneration (around neck)
 t - a +5 ring of evasion (right hand)
 v - the ring "Mezeh" {rElec rF+ MP+9 SInv}
   (You bought it in a shop on level 2 of the Orcish Mines)

   [ring of magical power]

   rF+:       It protects you from fire.
   rElec:     It insulates you from electricity.
   MP+9:      It affects your magic capacity (+9).
   SInv:      It lets you see invisible.
 Q - the amulet "Vuic" {Reflect Will+ Int+3 SH+5}
   (You took it off a deep elf death mage on level 3 of the Elven Halls)

   [amulet of reflection]

   Reflect:   It reflects blocked missile attacks.
   Int+3:     It affects your intelligence (+3).
   Will+:     It increases your willpower.
   SH+5:      It affects your SH (+5).
 V - the ring of Buhunuf {Fire Slay+6}
   (You bought it in a shop in a bazaar)

   [ring of fire]

   Fire:      It enhances your fire magic.
   Slay+6:    It affects your accuracy & damage with ranged weapons and melee
   (+6).
   rF+:       It protects you from fire.
   rC-:       It makes you vulnerable to cold.
 W - a ring of willpower (left hand)
Wands
 b - a wand of acid (49) {@v1}
 D - a wand of iceblast (59) {@v2}
 J - a wand of charming (80)
 T - a wand of digging (2) {@v3}
Scrolls
 j - 2 scrolls of silence
 l - 3 scrolls of revelation
 m - 12 scrolls of fog
 o - 4 scrolls of blinking {@r4}
 r - a scroll of poison
 x - 11 scrolls of fear
 O - 6 scrolls of summoning
 R - 13 scrolls of teleportation {@r3}
Potions
 c - 8 potions of ambrosia
 f - 5 potions of enlightenment
 A - 7 potions of might {@q3}
 C - 5 potions of cancellation
 E - 11 potions of haste {@q4}
 I - 19 potions of heal wounds {@q2}
 L - 7 potions of magic
 M - 11 potions of curing {@q1}
 N - 5 potions of resistance {@q5}
 P - 6 potions of mutation
 Y - 8 potions of lignification
 Z - 2 potions of invisibility
Miscellaneous
 d - a phial of floods
 k - a phantom mirror
 q - a sack of spiders


   Skills:
 - Level 23.0 Fighting
 + Level 19.7(20.2) Axes
 - Level 8.3(15.1) Polearms
 * Level 20.7 Throwing
 + Level 19.8 Armour
 - Level 9.0 Dodging
 + Level 21.9 Shields
 + Level 3.7 Spellcasting
 * Level 6.0 Earth Magic
 + Level 11.5 Invocations
 + Level 11.2 Evocations


You had 29 spell levels left.
You knew the following spells:

 Your Spells              Type           Power      Damage    Failure   Level
a - Apportation           Tloc           2%         N/A       88%         1
b - Passwall              Erth           9%         N/A       43%         3

Your spell library contained the following spells:

 Spells                   Type           Power      Damage    Failure   Level
 Stone Arrow              Conj/Erth      10%        3d7       86%         3
 Foxfire                  Conj/Fire      4%         2x1d4     88%         1
 Freeze                   Ice            4%         1d3       88%         1
 Kiss of Death            Conj/Necr      4%         2d5       88%         1
 Necrotise                Necr           4%         1d4       88%         1
 Shock                    Conj/Air       4%         1d3       88%         1
 Sting                    Conj/Alch      4%         1d3       88%         1
 Summon Small Mammal      Summ           4%         N/A       88%         1
 Cigotuvi's Dreadful Rot  Necr/Alch/Air  2%         N/A       96%         2
 Ensorcelled Hibernation  Hex/Ice        2%         N/A       96%         2
 Jinxbite                 Hex            2%         N/A       96%         2
 Scorch                   Fire           2%         2d5       96%         2
 Static Discharge         Conj/Air       2%         3-4/arc   96%         2
 Sublimation of Blood     Necr           1%         N/A       96%         2
 Call Canine Familiar     Summ           1%         N/A       99%         3
 Dazzling Flash           Conj/Hex       2%         N/A       99%         3
 Frozen Ramparts          Ice            2%         1d1       99%         3
 Hailstorm                Conj/Ice       1%         3d5       99%         3
 Inner Flame              Hex/Fire       1%         N/A       99%         3
 Mephitic Cloud           Conj/Alch/Air  1%         N/A       99%         3
 Summon Ice Beast         Ice/Summ       1%         N/A       99%         3
 Swiftness                Air            1%         N/A       99%         3
 Tukima's Dance           Hex            1%         N/A       99%         3
 Volatile Blastmotes      Fire/Tloc      2%         2d10      99%         3
 Animate Armour           Summ/Erth      10%        N/A       99%         4
 Petrify                  Alch/Erth      5%         N/A       99%         4
 Lee's Rapid Deconstruct  Erth           4%         3d5*      99%         5
 Airstrike                Air            0%         2d(1-17)  100%        4
 Animate Dead             Necr           1%         N/A       100%        4
 Dispel Undead            Necr           1%         3d6       100%        4
 Manifold Assault         Tloc           1%         N/A       100%        4
 Martyr's Knell           Necr/Summ      1%         N/A       100%        4
 Passage of Golubria      Tloc           1%         N/A       100%        4
 Sticky Flame             Fire/Alch      1%         2d4       100%        4
 Summon Blazeheart Golem  Fire/Summ      1%         N/A       100%        4
 Summon Lightning Spire   Summ/Air       1%         N/A       100%        4
 Vhi's Electric Charge    Tloc/Air       2%         N/A       100%        4
 Alistair's Intoxication  Alch           0%         N/A       100%        5
 Arcjolt                  Conj/Air       0%         1d10      100%        5
 Borgnjor's Vile Clutch   Necr/Erth      2%         N/A       100%        5
 Curse of Agony           Necr           1%         N/A       100%        5
 Fireball                 Conj/Fire      0%         3d3       100%        5
 Freezing Cloud           Conj/Ice/Air   0%         6-21      100%        5
 Irradiate                Conj/Alch      0%         3d11      100%        5
 Silence                  Hex/Air        0%         N/A       100%        5
 Summon Forest            Summ/Tloc      0%         N/A       100%        5
 Summon Mana Viper        Hex/Summ       1%         N/A       100%        5
 Yara's Violent Unravell  Hex/Alch       0%         3d3       100%        5
 Bombard                  Conj/Erth      2%         9d1       100%        6
 Conjure Ball Lightning   Conj/Air       0%         3x3d6     100%        6
 Death Channel            Necr           0%         N/A       100%        6
 Dispersal                Tloc           0%         N/A       100%        6
 Eringya's Noxious Bog    Alch           0%         4d6       100%        6
 Plasma Beam              Fire/Air       0%         2x1d10    100%        6
 Sculpt Simulacrum        Ice/Alch       0%         N/A       100%        6
 Starburst                Conj/Fire      0%         6d3       100%        6
 Summon Cactus Giant      Summ           0%         N/A       100%        6
 Enfeeble                 Hex            0%         N/A       100%        7
 Malign Gateway           Summ/Tloc      0%         N/A       100%        7
 Monstrous Menagerie      Summ           0%         N/A       100%        7
 Orb of Destruction       Conj           0%         9d5       100%        7
 Ozocubu's Refrigeration  Ice            0%         4d7       100%        7
 Spellforged Servitor     Conj/Summ      0%         N/A       100%        7
 Summon Hydra             Summ           0%         N/A       100%        7
 Borgnjor's Revivificati  Necr           0%         N/A       100%        8
 Disjunction              Tloc           0%         N/A       100%        8
 Ignition                 Fire           0%         3d3       100%        8
 Lehudib's Crystal Spear  Conj/Erth      2%         10d2      100%        8
 Maxwell's Capacitive Co  Air            0%         ∞         100%        8
 Summon Horrible Things   Summ           0%         N/A       100%        8
 Chain Lightning          Conj/Air       0%         2d1       100%        9
 Death's Door             Necr           0%         N/A       100%        9
 Fire Storm               Conj/Fire      0%         6d1       100%        9
 Polar Vortex             Ice            0%         N/A       100%        9
 Shatter                  Erth           4%         3d8*      100%        9


Dungeon Overview and Level Annotations

Branches:
Dungeon (15/15)            Temple (1/1) D:6            Lair (5/5) D:10
 Shoals (4/4) Lair:2        Snake (4/4) Lair:3        Slime (0/5) Lair:5
    Orc (2/2) D:12            Elf (3/3) Orc:2        Vaults (5/5) D:14
  Crypt (0/3) Vaults:2     Depths (4/4) D:15            Zot (5/5) Depths:4
  IceCv (visited)          WizLab (visited)         Gauntlet (visited)

Altars:
Ashenzari
Cheibriados
Dithmenos
Elyvilon
Fedhas
Gozag
Hepliaklqana
Kikubaaqudgha
Makhleb
Nemelex Xobeh
Okawaru
Qazlal
Ru
Sif Muna
Trog
Uskayaw
Vehumet
Wu Jian
Xom
Yredelemnul
Zin
The Shining One
Beogh
Jiyva

Shops:
D:1 *   D:5 [   D:8 (   D:9 *   D:14 *   D:15 !=(!   Orc:2 ?[=(*   Elf:3 (
Snake:2 (:[!   Vaults:1 [=   Vaults:5 !   Depths:1 :*

Portals:
Hell: Depths:1 Depths:2 Depths:4
Abyss: Vaults:1 Depths:3
Pandemonium: Depths:1 Depths:2
Ziggurat: Depths:3

Annotations:
D:3 1 exclusion
Vaults:1 2 transporters, Yloucecuu's ghost, veteran SpEn
Depths:3 exclusions: battlemage and 1 more exclusion


Innate Abilities, Weirdness & Mutations

Your life essence is reduced to manifest your ancestor. (-10% HP)
Armour fits poorly on your strangely shaped body.
You have extremely tough skin. (AC +3)
You have a long armoured tail.
You regenerate magic and health when rolling toward enemies. (Rampage Regen)


Message History

Jezi gestures at the Brimstone Fiend while chanting.
The crystal spear hits the Brimstone Fiend!!!
You slash the Brimstone Fiend!
Your tail-slap misses the Brimstone Fiend.
The Brimstone Fiend gestures at you.
The sphere of damnation explodes!
The damnation engulfs you!!!
The damnation engulfs the Brimstone Fiend.
The Brimstone Fiend completely resists.
You catch the helpless Brimstone Fiend completely off-guard!
You slash the Brimstone Fiend!
The Brimstone Fiend calls on the powers of darkness!
Your body is wracked with pain!
* * * LOW HITPOINT WARNING * * *
You hit the Brimstone Fiend but do no damage.
You tail-slap the Brimstone Fiend, but do no damage.
You completely miss the Brimstone Fiend.
You block the Brimstone Fiend's attack.
The Brimstone Fiend hits you but does no damage.
The Brimstone Fiend barely misses you.
Jezi hits the Brimstone Fiend with a +0 lajatang of freezing!!
Jezi freezes the Brimstone Fiend.
The Brimstone Fiend dies!
Your Earth Magic skill increases to level 6!
What level of the Dungeon? (default 1, ? - help) You're already here!
Jezi loses the glow of perfection.
You see here a ball python skeleton.
Magic restored.
A Hell Sentinel comes into view.
Jezi casts a spell.
Jezi seems to speed up.
Aiming: Dig
Press: ? - help, Shift-Dir - straight line A rock wall.
This square is covered in magical glow.
The rock shatters into small pieces.
Blink to where?
Press: ? - help, Dir - move target
As you read the scroll of blinking {@r4}, it crumbles to dust.
You have escaped!

#.########.#.#
#....#####...#
##..##≈~~##..# #.##≈~P~≈##.#
###≈~~.~~≈### #≈~P.ß.P≈≈#
#####
##≈~.....~~########....
######ß~.......~ß........###
#.....'.Pß.@..P.'.######.###
#.####ß~.......~ß.##........
#.# ##≈≈.....≈≈#.##..##..##
#.# #≈~P.ß.P~≈#.##..##..##
#.######≈R~.~~≈##...........
#...##.#.≈≈P≈≈##.####.###...
###..#..##≈~~##..# #.# ####
#......#####...# #.######
#.###### ##+#.# #.......


You could see the friendly Jezi the battlemage (fast).

Vanquished Creatures
  2 dread liches (Zot:5)
  An orb of fire (Zot:5)
  Sojobo (Vaults:5)
  Xtahua (Vaults:4)
  7 Killer Klowns (Zot:5)
  6 golden dragons
  An electric golem (Zot:5)
  The ghost of HourglassMan the End of an Era, an adept MDMo of Qazlal (Elf:3)
  9 tentacled monstrosities
  Jorgrun (Orc:2)
  A walking earthen tome (Depths:2)
  2 liches
  13 Orb Guardians
  2 titans (Vaults:5)
  A deep elf blademaster (Elf:2)
  2 quicksilver dragons
  A walking frostbound tome (Depths:4)
  2 deep elf master archers (Elf:3)
  2 sphinxes
  3 death cobs
  Frances (D:14)
  7 storm dragons
  5 tengu reavers
  Donald (Shoals:2)
  3 shadow dragons
  6 nagarajas
  2 draconian knights (Zot:2)
  8 draconian monks
  An iron dragon (Vaults:5)
  4 frost giants
  5 draconian shifters
  6 fire giants
  A ghost moth (Zot:2)
  13 vault wardens
  4 deep elf sorcerers
  2 orc warlords
  A caustic shrike zombie (Depths:1)
  A reaper (Gauntlet)
  2 draconian stormcallers (Zot:2)
  9 very ugly things
  3 draconian annihilators
  A vampire knight (Depths:3)
  13 ironbound preservers
  A formless jellyfish (Vaults:4)
  7 stone giants
  4 ironbound thunderhulks
  2 eleionomae (Shoals:1)
  5 deep elf death magi
  6 green draconians
  3 black draconians
  9 deep elf annihilators (Elf:3)
  3 deep elf demonologists
  6 purple draconians
  10 dire elephants
  10 spark wasps
  12 red draconians
  A yellow draconian (Zot:2)
  6 white draconians
  A lorocyproca (Depths:1)
  3 war gargoyles
  4 blizzard demons
  A mummy priest (Depths:3)
  6 ettins
  3 deep elf high priests
  4 merfolk javelineers
  4 merfolk impalers
  2 crystal guardians (Vaults:4)
  3 fire dragons
  15 yaktaur captains
  2 great orbs of eyes
  4 ice dragons
  22 vault guards
  The ghost of confidenceinterval the Spry, a journeyman MfSh (Lair:1)
  A peacekeeper (Vaults:4)
  3 ironbound frosthearts
  4 merfolk avatars
  2 rakshasas
  2 caustic shrike simulacra (IceCv)
  2 death knights
  A salamander tyrant (Snake:4)
  4 hydras
  3 merfolk aquamancers (Shoals:4)
  An alligator (shapeshifter) (Vaults:5)
  A catoblepas (Lair:4)
  5 satyrs
  6 two-headed ogres
  An alligator snapping turtle (Shoals:4)
  8 centaur warriors
  23 dancing weapons
  4 ogre magi
  4 boulder beetles
  8 deep troll shamans
  2 anacondas
  5 death yaks (Lair:5)
  10 naga warriors
  10 tengu warriors
  5 deep troll earth magi
  An orc high priest (Orc:1)
  2 shock serpents (Snake:3)
  2 spriggan berserkers (Depths:2)
  6 deep elf knights
  15 naga sharpshooters
  8 hell knights
  6 salamander mystics
  A spark wasp zombie (Depths:1)
  2 skysharks
  6 sea snakes
  3 skeletal warriors (D:15)
  3 iron trolls (Depths:2)
  A death drake (Depths:4)
  2 mana vipers (shapeshifter) (Vaults:5)
  2 glowing orange brains (Vaults:1)
  6 mana vipers
  6 spriggan simulacra (IceCv)
  4 arcanists
  3 flayed ghosts
  A tengu zombie (Depths:1)
  A bog body (IceCv)
  4 naga ritualists
  An obsidian statue (IceCv)
  38 deep trolls
  6 deep elf archers
  2 phantasmal warriors
  18 deep elf zephyrmancers
  4 necromancers
  5 lindwurms
  A spectral hydra (Lair:1)
  A snapping turtle (shapeshifter) (Vaults:5)
  An orb spider (shapeshifter) (Vaults:5)
  15 harpies
  11 orc knights
  22 deep elf pyromancers
  13 ironbound convokers
  2 orc sorcerers
  2 lightning spires (Zot:3)
  A fire giant zombie (Depths:1)
  An oklob plant (Zot:3)
  7 manticores
  27 ugly things
  12 cyclopes
  12 fauns
  A moth of wrath (shapeshifter) (Vaults:2)
  A meliai (D:11)
  13 salamanders
  8 merfolk sirens
  2 moths of wrath
  An elf zombie (Vaults:1)
  An ice statue (Elf:1)
  3 kobold blastminers
  A fire giant skeleton (Depths:1)
  A gargoyle (D:11)
  2 elephants
  2 guardian serpents
  12 vault sentinels
  Maggie (D:7)
  5 cane toads
  An eye of devastation (shapeshifter) (Elf:3)
  37 black mambas
  A torpor snail (Gauntlet)
  7 water nymphs
  14 naga magi
  2 elf skeletons
  8 komodo dragons
  A rime drake (Lair:3)
  An unseen horror (D:11)
  6 ice devils (IceCv)
  3 tengu conjurers
  6 freezing wraiths
  2 spriggan skeletons (Depths:1)
  33 yaktaurs
  4 efreet
  A golden dragon simulacrum (IceCv)
  4 wind drakes
  4 trolls
  A yaktaur skeleton (Vaults:1)
  7 polar bears (Lair:5)
  19 merfolk
  An alligator simulacrum (IceCv)
  4 hornets
  11 blink frogs
  Prince Ribbit (D:7)
  7 dream sheep
  A raiju (Lair:5)
  5 snapping turtles
  37 slime creatures
  3 spriggans
  2 spectral black mambas (Lair:1)
  7 water elementals
  2 shadows
  10 wyverns
  38 yaks
  A wraith (D:11)
  9 fire elementals
  10 wargs
  3 vampire mosquitoes
  Grum (D:11)
  2 basilisks
  A spectral fire crab (Lair:1)
  2 steam dragons
  5 minotaur simulacra (IceCv)
  Menkaure (D:4)
  A death yak simulacrum (Lair:1)
  A redback (Lair:5)
  An acid dragon (D:12)
  3 human zombies (Vaults:4)
  35 nagas
  27 water moccasins
  A hydra simulacrum (Lair:1)
  14 hell hounds
  12 black bears
  A meliai simulacrum (D:15)
  31 orc warriors
  2 ice beasts
  18 ogres
  30 wolves
  8 centaurs
  A phantom (D:5)
  4 lemures (D:7)
  3 kobold brigands
  11 bullfrogs
  2 earth elementals (Elf:1)
  8 deep troll simulacra (IceCv)
  A gnoll sergeant (D:8)
  6 scorpions
  6 wights (D:8)
  A dream sheep simulacrum (Lair:1)
  33 killer bees
  4 howler monkeys
  An electric eel (Lair:4)
  A crimson imp (D:3)
  7 jellies
  9 orc priests
  3 hounds
  A gnoll bouda (D:5)
  2 sleepcaps
  4 iguanas
  Terence (D:2)
  Ijyb (D:3)
  16 orc wizards
  22 gnolls
  3 adders
  2 shadow imps
  A white imp (D:5)
  An ufetubus (D:5)
  2 ribbon worms
  6 dart slugs
  59 orcs
  5 ball pythons
  9 bats
  9 endoplasms
  3 giant cockroaches
  8 goblins
  5 hobgoblins
  6 jackals
  8 quokkas
  2 frilled lizards
  14 kobolds
  2 rats (D:3)
  An aspiring flesh (Zot:3)
  2 spectral weapons (Zot:5)
1581 creatures vanquished.

Vanquished Creatures (collateral kills)
  2 dread liches
  An ancient lich (Zot:5)
  2 orbs of fire (Zot:5)
  5 Killer Klowns (Zot:5)
  Saint Roka (Orc:2)
  A curse toe (Zot:5)
  5 golden dragons
  2 Brimstone Fiends
  An electric golem (Zot:5)
  14 Orb Guardians
  2 titans (Vaults:5)
  3 tentacled monstrosities
  2 deep elf blademasters (Elf:3)
  3 quicksilver dragons
  5 sphinxes
  A death cob (Zot:3)
  3 storm dragons
  Polyphemus (Shoals:4)
  4 shadow dragons
  Ilsuiw (Shoals:2)
  2 tengu reavers
  Aizul (Snake:4)
  Roxanne (Shoals:2)
  5 protean progenitors (Zot:3)
  A draconian monk (Depths:4)
  2 nagarajas
  5 fire giants
  4 deep elf sorcerers (Elf:3)
  4 frost giants
  2 draconian scorchers (Zot:2)
  Louise (Shoals:3)
  5 vault wardens
  4 ironbound preservers
  3 draconian stormcallers
  A ghoul (Vaults:2)
  2 curse skulls (Zot:3)
  A ghost moth (Zot:5)
  2 orc warlords
  2 draconian annihilators
  3 ironbound thunderhulks
  A formless jellyfish (Shoals:4)
  13 very ugly things
  12 stone giants
  3 vampire knights
  4 green draconians
  4 deep elf death magi
  A deep elf demonologist (Elf:3)
  2 yellow draconians
  5 deep elf annihilators (Elf:3)
  4 dire elephants (Vaults:1)
  3 spark wasps
  A minotaur (Gauntlet)
  3 purple draconians
  An orange crystal statue (WizLab)
  A war gargoyle (Vaults:1)
  5 black draconians
  8 red draconians
  4 white draconians
  Azrael (D:15)
  A crystal guardian (Vaults:4)
  4 ettins
  5 merfolk javelineers
  A blizzard demon (IceCv)
  2 merfolk impalers
  A mummy priest (Depths:3)
  Snorg (Orc:1)
  7 yaktaur captains
  6 fire dragons
  2 deep elf high priests (Elf:3)
  4 hydras
  3 rakshasas
  11 vault guards
  5 great orbs of eyes
  2 salamander tyrants
  2 spriggan air magi (Depths:3)
  10 ice dragons
  An anaconda (Lair:5)
  A catoblepas (Shoals:4)
  An ogre mage (D:15)
  4 peacekeepers
  2 ironbound frosthearts (Vaults:3)
  A merfolk aquamancer (Shoals:3)
  2 boulder beetles
  A radroach (Zot:3)
  4 centaur warriors
  11 dancing weapons
  A merfolk avatar (Shoals:4)
  A satyr (Shoals:3)
  3 death yaks
  5 deep troll shamans
  A hell hog (Lair:5)
  6 tengu warriors
  A two-headed ogre (D:15)
  2 deep troll earth magi
  A torpor snail (shapeshifter) (Vaults:5)
  3 naga warriors
  An orc high priest (Orc:2)
  2 spriggan berserkers (Depths:2)
  9 deep elf knights
  4 naga sharpshooters
  2 hell knights
  6 iron trolls
  A shock serpent (Snake:1)
  Nergalle (Orc:2)
  3 skysharks
  2 skeletal warriors (D:15)
  3 salamander mystics (Snake:1)
  24 deep trolls
  3 sea snakes
  Lodul (D:14)
  A death drake (Depths:4)
  6 mana vipers
  5 naga ritualists
  A glowing orange brain (Depths:1)
  A shadow demon (Depths:2)
  4 deep elf archers
  4 phantasmal warriors
  An arcanist (Vaults:2)
  2 flayed ghosts
  2 ironbound convokers
  7 orc knights
  2 lightning spires (Zot:3)
  A spriggan simulacrum (IceCv)
  10 harpies
  3 lindwurms (Vaults:3)
  A wolf spider (Lair:5)
  Pikel (D:7)
  A necromancer (Vaults:4)
  22 deep elf pyromancers
  14 deep elf zephyrmancers
  12 fauns
  2 orc sorcerers
  12 ugly things
  Maurice (D:8)
  An oklob plant (Zot:3)
  A cyclops (D:15)
  7 manticores
  2 frost giant zombies (Depths:1)
  2 moths of wrath
  A guardian serpent (Lair:5)
  2 salamanders
  2 elephants (Lair:2)
  An ice statue (Elf:1)
  2 water nymphs
  8 merfolk sirens
  12 black mambas
  7 naga magi
  A frost giant skeleton (Vaults:4)
  6 vault sentinels
  A gargoyle (D:11)
  A black mamba (shapeshifter) (D:14)
  A titan simulacrum (Vaults:4)
  2 hellions
  9 cane toads
  A kobold demonologist (D:9)
  14 yaktaurs
  An efreet (D:14)
  4 komodo dragons
  A freezing wraith (IceCv)
  2 unseen horrors
  2 ice devils (IceCv)
  3 tengu conjurers
  A queen bee (Lair:2)
  A red devil (Zot:5)
  A queen bee (shapeshifter) (D:15)
  13 merfolk
  A hornet (Lair:5)
  4 wind drakes
  2 tyrant leeches (Zot:3)
  4 polar bears
  2 blink frogs (Lair:1)
  A troll (D:11)
  2 raiju (Lair:5)
  15 slime creatures
  2 glass eyes
  A stone giant simulacrum (Vaults:1)
  A fire giant simulacrum (Vaults:1)
  9 dream sheep
  5 snapping turtles
  3 air elementals
  4 water elementals
  A dire elephant simulacrum (IceCv)
  A wraith (D:13)
  A shadow (D:11)
  5 wyverns
  23 yaks
  2 steam dragons
  3 fire elementals
  A redback (Lair:5)
  4 minotaur simulacra (IceCv)
  3 wargs
  7 water moccasins
  10 nagas
  A hydra simulacrum (IceCv)
  3 hell hounds
  6 orc warriors
  4 black bears
  12 wolves
  4 ogres
  2 centaurs (D:15)
  A kobold brigand (D:8)
  3 bullfrogs
  An earth elemental (Elf:3)
  A wight (D:8)
  10 killer bees
  4 orc priests
  A jelly (D:7)
  3 orc wizards
  A gnoll (D:7)
  A shadow imp (Gauntlet)
  10 orcs
  A kobold (D:10)
  An aspiring flesh (Zot:3)
  A butterfly (Lair:4)
784 creatures vanquished.

Vanquished Creatures (others)
  A tengu reaver (Vaults:5)
  A fire giant (Vaults:5)
  2 draconian scorchers (Zot:2)
  A war gargoyle (Vaults:4)
  A purple draconian (Zot:2)
  A tengu warrior (Depths:2)
  A harpy (Shoals:3)
  A deep elf zephyrmancer (Elf:3)
  A naga mage (Snake:4)
  A tengu conjurer (Depths:1)
  A fire elemental (D:15)
  A gnoll bouda (D:7)
  50 battlemagi
63 creatures vanquished.

Grand Total: 2428 creatures vanquished

Notes
Turn   | Place    | Note
-------+----------+-------------------------------------------
     0 | D:1      | iamserjio the Armataur Monk began the quest for the Orb.
     0 | D:1      | Reached XP level 1. HP: 18/18 MP: 1/1
    75 | D:1      | Reached XP level 2. HP: 21/25 MP: 2/2
   101 | D:1      | You fall into a shaft and drop 1 floor!
   151 | D:2      | Identified the +0 robe "Immicaeg" {Str+2 Dex+5}
   171 | D:2      | Reached skill level 3 in Fighting
   415 | D:1      | Reached XP level 3. HP: 31/31 MP: 3/3
   438 | D:1      | Reached skill level 1 in Armour
   679 | D:1      | Reached XP level 4. HP: 34/38 MP: 4/4
   782 | D:1      | Found Vaossid's General Store.
   785 | D:1      | Bought 2 curare-tipped darts for 28 gold pieces
   785 | D:1      | Bought a scroll of fog for 48 gold pieces
  1007 | D:1      | Got the Annotations on Thermatology
  1121 | D:2      | Identified the +8 spear of Jicuse Nauss {freeze, rF- rN+++
                  | rCorr Stlth-}
  1473 | D:2      | Noticed Terence
  1476 | D:2      | Killed Terence
  1477 | D:2      | Reached XP level 5. HP: 40/45 MP: 5/5
  1723 | D:3      | Noticed Ijyb
  1740 | D:3      | Killed Ijyb
  1854 | D:3      | Reached skill level 1 in Evocations
  2104 | D:3      | Found a radiant altar of Vehumet.
  2105 | D:3      | Found a burning altar of Makhleb.
  2109 | D:3      | Reached XP level 6. HP: 45/52 MP: 6/6
  2298 | D:3      | Identified a scroll of acquirement
  2299 | D:3      | Acquired the +6 lightning scales {swift, rElec}
  2299 | D:3      | Found the +6 lightning scales {swift, rElec}
  2317 | D:4      | Noticed Menkaure
  2321 | D:4      | Killed Menkaure
  2322 | D:4      | Reached skill level 4 in Fighting
  2408 | D:4      | Found a shimmering altar of Xom.
  2439 | D:4      | Found a bloodstained altar of Trog.
  2526 | D:4      | Reached skill level 5 in Polearms
  2526 | D:4      | Gained mutation: You regenerate magic and health when
                  | rolling toward enemies. (Rampage Regen) [Armataur growth]
  2526 | D:4      | Reached XP level 7. HP: 59/59 MP: 7/7
  2962 | D:5      | Entered Level 5 of the Dungeon
  2966 | D:5      | Found Modeik's Antique Armour Emporium.
  2979 | D:5      | Bought a pair of gloves for 108 gold pieces
  3214 | D:5      | Found a broken altar of Ashenzari.
  3215 | D:5      | Found an ancient bone altar of Kikubaaqudgha.
  3216 | D:5      | Found an ornate altar of the Wu Jian Council.
  3363 | D:5      | Reached XP level 8. HP: 67/67 MP: 8/8
  3382 | D:5      | Found a sparkling altar of Nemelex Xobeh.
  3384 | D:5      | Found a sacrificial altar of Ru.
  3402 | D:5      | Identified the +4 hand axe "Caotyleb" {freeze, *Corrode Fly
                  | SInv}
  3511 | D:5      | Reached skill level 5 in Fighting
  3523 | D:5      | Found a snail-covered altar of Cheibriados.
  3730 | D:5      | Reached skill level 5 in Armour
  4102 | D:6      | Reached skill level 5 in Evocations
  4102 | D:6      | Reached XP level 9. HP: 75/75 MP: 9/9
  4190 | D:5      | Reached skill level 6 in Fighting
  4359 | D:6      | Found a staircase to the Ecumenical Temple.
  4371 | Temple   | Entered the Ecumenical Temple
  4389 | Temple   | Became a worshipper of Hepliaklqana the Forgotten
  4389 | Temple   | Reached * piety under Hepliaklqana
  4389 | Temple   | Reached ** piety under Hepliaklqana
  4407 | Temple   | Remembered your ancestor Jezi as a battlemage
  4666 | D:7      | Noticed Prince Ribbit
  4682 | D:7      | Killed Prince Ribbit
  4748 | D:7      | Noticed Pikel
  4764 | D:7      | Killed Pikel
  4833 | D:7      | Noticed Maggie
  4850 | D:7      | Killed Maggie
  4851 | D:7      | Reached XP level 10. HP: 68/75 MP: 10/10
  4955 | D:7      | Reached skill level 1 in Invocations
  5089 | D:7      | Reached skill level 1 in Axes
  5450 | D:8      | Found Xedeotyu's Weapon Shop.
  5525 | D:8      | Noticed Maurice
  5530 | D:8      | Killed Maurice
  5531 | D:8      | Reached skill level 7 in Fighting
  5606 | D:8      | Found an opulent altar of Gozag.
  6184 | D:9      | Found a stormy altar of Qazlal.
  6247 | D:9      | Noticed a two-headed ogre
  6254 | D:9      | Killed a two-headed ogre
  6277 | D:9      | Reached *** piety under Hepliaklqana
  6469 | D:9      | Found Veob's Serpentskin Sales.
  6478 | D:9      | Bought a ring of poison resistance for 280 gold pieces
  6550 | D:9      | Reached XP level 11. HP: 83/83 MP: 13/13
  6779 | D:9      | Reached skill level 5 in Axes
  6902 | D:10     | Entered Level 10 of the Dungeon
  6906 | D:10     | Found a staircase to the Lair.
  6919 | D:10     | Reached skill level 8 in Fighting
  7137 | D:10     | Found an iron altar of Okawaru.
  7369 | D:10     | Reached skill level 5 in Invocations
  7529 | D:10     | Reached **** piety under Hepliaklqana
  7742 | D:10     | Found a shimmering blue altar of Sif Muna.
  8066 | D:11     | Noticed a boulder beetle
  8096 | D:11     | Killed a boulder beetle
  8222 | D:11     | Noticed Grum
  8236 | D:11     | Killed Grum
  8316 | D:11     | Noticed a white ugly thing
  8330 | D:11     | Killed a white ugly thing
  8331 | D:11     | Reached skill level 10 in Armour
  8355 | D:11     | Reached XP level 12. HP: 30/92 MP: 16/16
  8638 | D:11     | Noticed an ogre mage
  8641 | D:11     | Killed an ogre mage
  8649 | D:11     | Identified the +4 quarterstaff of Immorality {freeze, rC+++
                  | Int-2 SInv}
  8670 | D:11     | Noticed a centaur warrior
  8674 | D:11     | Noticed a seven-headed hydra
  8677 | D:11     | Noticed an ogre mage
  8874 | D:11     | Reached skill level 9 in Fighting
  9057 | D:11     | Killed a seven-headed hydra
  9094 | D:11     | Killed a centaur warrior
  9132 | D:11     | Killed an ogre mage
  9346 | D:11     | Noticed a tengu warrior
  9364 | D:11     | Killed a tengu warrior
  9365 | D:11     | Reached skill level 1 in Shields
  9521 | D:11     | Noticed a six-headed hydra
  9554 | D:11     | Killed a six-headed hydra
  9780 | D:11     | Noticed a yaktaur captain
  9790 | D:11     | Killed a yaktaur captain
  9799 | D:11     | Noticed a fire dragon
  9802 | D:11     | Noticed a yaktaur captain
  9803 | D:11     | Noticed a fire giant
 10240 | D:1      | Bought a scroll of enchant armour for 90 gold pieces
 10240 | D:1      | Bought a scroll of amnesia for 48 gold pieces
 10456 | Lair:1   | Entered Level 1 of the Lair of Beasts
 10588 | D:5      | Bought a shiny scale mail for 168 gold pieces
 10835 | Lair:1   | Found a runed translucent gate.
 10836 | Lair:1   | Found a runed translucent gate.
 10838 | Lair:1   | Found a runed translucent gate.
 10839 | Lair:1   | Noticed confidenceinterval's ghost (journeyman MfSh)
 10864 | Lair:1   | Reached skill level 5 in Shields
 11096 | Lair:1   | Reached XP level 13. HP: 100/100 MP: 18/18
 11699 | Lair:2   | Found a staircase to the Shoals.
 11713 | Lair:1   | Reached skill level 10 in Fighting
 11987 | Lair:2   | Reached ***** piety under Hepliaklqana
 12932 | Lair:2   | Reached skill level 10 in Axes
 13151 | Lair:3   | Found a staircase to the Snake Pit.
 13880 | Lair:4   | Identified the +5 war axe "Uqaubom" {elec, Dex+3}
 13902 | Lair:4   | Reached XP level 14. HP: 99/109 MP: 17/19
 14409 | Lair:4   | You fall into a shaft and drop 1 floor!
 14409 | Lair:5   | Entered Level 5 of the Lair of Beasts
 14667 | Lair:5   | Paralysed by a hornet for 1 turns
 14751 | Lair:5   | Found a viscous altar of Jiyva.
 14792 | Lair:5   | Reached skill level 5 in Dodging
 15006 | Lair:4   | Acquired 579 gold pieces
 15021 | Lair:4   | Acquired 977 gold pieces
 15022 | Lair:4   | Acquired a manual of Axes
 15069 | Lair:5   | Reached skill level 11 in Fighting
 15606 | Lair:5   | Reached skill level 10 in Shields
 16228 | Lair:5   | Found a staircase to the Slime Pits.
 16641 | Lair:5   | Reached XP level 15. HP: 108/118 MP: 18/20
 17248 | D:11     | Identified the +4 sling of Red Wine {flame, Str+4 Dex+4}
 18447 | D:12     | Found a staircase to the Orcish Mines.
 18467 | D:12     | Found a broken altar of Ashenzari.
 18598 | D:12     | Reached skill level 12 in Fighting
 18888 | D:13     | Found a gate leading to a gauntlet.
 18938 | Gauntlet | Entered a Gauntlet
 18938 | Gauntlet | Found a transporter.
 18938 | Gauntlet | Found a transporter.
 18968 | Gauntlet | Found a transporter.
 18968 | Gauntlet | Found a transporter.
 18968 | Gauntlet | Found a transporter.
 18978 | Gauntlet | Found a transporter.
 18983 | Gauntlet | Found a transporter.
 18991 | Gauntlet | Found a transporter.
 18999 | Gauntlet | Found a transporter.
 19016 | Gauntlet | Found a transporter.
 19024 | Gauntlet | Found a transporter.
 19041 | Gauntlet | Found a transporter.
 19200 | Gauntlet | Identified the ring of Awe {rN++ MP+9}
 19256 | Gauntlet | Identified the ring "Kinogell" {rPois rF+ rC+ rCorr Int-2}
 19276 | Gauntlet | Identified the +0 swamp dragon scales "Ufopp" {rPois rC+
                  | rN+}
 19307 | Gauntlet | Identified the -2 cloak of the Beggar {Str+3 Int+5}
 20059 | D:14     | Noticed Lodul
 20071 | D:14     | Killed Lodul
 20091 | D:14     | Found a gate to the Vaults.
 20095 | D:14     | Reached skill level 15 in Axes
 20267 | D:14     | Got Vukloeh's Tractate on the Legion and the Squall
 20280 | D:14     | Noticed Frances
 20291 | D:14     | Killed Frances
 20333 | D:14     | Reached ****** piety under Hepliaklqana
 20337 | D:14     | Found Ygoukhlui's General Store.
 20457 | D:14     | Bought a potion of curing for 48 gold pieces
 20457 | D:14     | Bought 2 scrolls of blinking for 240 gold pieces
 20457 | D:14     | Bought a potion of cancellation for 128 gold pieces
 20794 | D:14     | Found a sparkling altar of Nemelex Xobeh.
 21162 | D:15     | Entered Level 15 of the Dungeon
 21162 | D:15     | Found Xeadugab's Distillery.
 21244 | D:15     | Bought a potion of haste for 110 gold pieces
 21244 | D:15     | Bought a potion of heal wounds for 55 gold pieces
 21244 | D:15     | Bought a potion of haste for 110 gold pieces
 21244 | D:15     | Bought a potion of curing for 33 gold pieces
 21244 | D:15     | Bought a potion of curing for 33 gold pieces
 21275 | D:15     | Found Aclamer's Weapon Shop.
 21293 | D:15     | Reached XP level 16. HP: 124/126 MP: 21/21
 21319 | D:15     | Noticed Azrael
 21510 | D:15     | Reached skill level 13 in Fighting
 21580 | D:15     | Found Wiquw's Distillery.
 21589 | D:15     | Killed Azrael
 21732 | D:15     | Identified the +7 leather armour of the Blessed Realm
                  | {rPois rCorr Str+3}
 21828 | D:15     | Found Yshoh's Jewellery Shoppe.
 21907 | D:15     | Bought a potion of lignification for 48 gold pieces
 21907 | D:15     | Bought a potion of cancellation for 128 gold pieces
 21907 | D:15     | Bought a potion of heal wounds for 80 gold pieces
 21907 | D:15     | Bought a potion of heal wounds for 80 gold pieces
 21907 | D:15     | Bought a potion of curing for 48 gold pieces
 22132 | D:15     | Found a staircase to the Depths.
 22371 | D:11     | Identified the +0 swamp dragon scales of Moexueq {rElec
                  | rPois rC+++ Dex+3 Slay-6}
 22373 | D:11     | Got the Elucidation of Green Bombardment
 22466 | Orc:1    | Entered Level 1 of the Orcish Mines
 22612 | Orc:2    | Entered Level 2 of the Orcish Mines
 22623 | Orc:2    | Noticed Saint Roka
 22635 | Orc:2    | Killed Saint Roka
 22729 | Orc:2    | Noticed Nergalle
 22730 | Orc:2    | Found a roughly hewn altar of Beogh.
 22738 | Orc:2    | Killed Nergalle
 22785 | Orc:2    | Found Sopuutyu's Antique Weapon Emporium.
 22790 | Orc:2    | Found Ragitay's General Store.
 22836 | Orc:2    | Bought a scroll of blinking for 105 gold pieces
 22836 | Orc:2    | Bought a scroll of enchant armour for 105 gold pieces
 22836 | Orc:2    | Bought a scroll of fear for 56 gold pieces
 22956 | Orc:2    | Found Juanyuqa's Magic Scroll Shop.
 22968 | Orc:2    | Bought a scroll of teleportation for 45 gold pieces
 22968 | Orc:2    | Bought a scroll of fog for 60 gold pieces
 22968 | Orc:2    | Bought a scroll of silence for 142 gold pieces
 23021 | Orc:2    | Found a staircase to the Elven Halls.
 23033 | Orc:2    | Noticed Jorgrun
 23045 | Orc:2    | Killed Jorgrun
 23347 | Orc:2    | Found Afom's Jewellery Emporium.
 23353 | Orc:2    | Bought the ring "Mezeh" {rElec rF+ MP+9 SInv} for 452 gold
                  | pieces
 23362 | Orc:2    | Found Baghod's Antique Armour Emporium.
 23369 | Orc:2    | Bought an encrusted scale mail for 243 gold pieces
 23369 | Orc:2    | Identified the +4 scale mail of the Trout {Str+3} (You
                  | bought it in a shop on level 2 of the Orcish Mines)
 23429 | Orc:1    | Found a roughly hewn altar of Beogh.
 23845 | Orc:1    | Noticed Snorg
 23853 | Orc:1    | Killed Snorg
 23854 | Orc:1    | Reached skill level 14 in Fighting
 23991 | Orc:2    | Bought a scroll of brand weapon for 142 gold pieces
 24154 | D:14     | Bought a scroll of enchant weapon for 120 gold pieces
 24508 | Snake:1  | Entered Level 1 of the Snake Pit
 24573 | Snake:1  | Identified the +9 whip of Distraction {freeze, Will++ Str-4
                  | Dex+2 SInv}
 25241 | Snake:1  | Found a radiant altar of Vehumet.
 25245 | Snake:1  | Found a transporter.
 25557 | Snake:1  | Acquired 529 gold pieces
 26530 | Snake:2  | Found Veut's Armour Boutique.
 26533 | Snake:2  | Found Tagiawk's Distillery.
 26533 | Snake:2  | Found Santih's Antique Weapon Shop.
 26535 | Snake:2  | Found Kaggupi's Book Shop.
 26539 | Snake:2  | Reached XP level 17. HP: 136/136 MP: 22/22
 26553 | Snake:2  | Bought a potion of might for 52 gold pieces
 26553 | Snake:2  | Bought a potion of cancellation for 104 gold pieces
 26553 | Snake:2  | Bought a potion of heal wounds for 65 gold pieces
 26553 | Snake:2  | Bought a potion of curing for 39 gold pieces
 28450 | Snake:4  | Entered Level 4 of the Snake Pit
 28950 | Snake:4  | Reached skill level 15 in Fighting
 29479 | Snake:4  | Got a serpentine rune of Zot
 29741 | Snake:4  | Identified the serpent talisman of Midwinter {rN+ Will+
                  | Int+3 Dex-5}
 29741 | Snake:4  | Noticed Aizul
 29759 | Snake:4  | Killed Aizul
 30383 | Shoals:1 | Entered Level 1 of the Shoals
 30579 | Shoals:1 | Reached XP level 18. HP: 64/148 MP: 13/23
 30865 | Shoals:1 | Got the Folio of Gaseous Power
 30919 | Shoals:1 | Identified the +8 dagger of Benuanu {holy, Int+8}
 30925 | Shoals:1 | Reached XP level 19. HP: 154/154 MP: 24/24
 30995 | Shoals:1 | Reached skill level 16 in Fighting
 31510 | Shoals:2 | Noticed Roxanne
 31721 | Shoals:2 | Noticed Ilsuiw
 32409 | Shoals:2 | Killed Ilsuiw
 32414 | Shoals:2 | Reached skill level 15 in Shields
 32551 | Shoals:2 | Noticed Donald
 32560 | Shoals:2 | Killed Donald
 32878 | Shoals:2 | Identified the +10 hand axe "Jelly's Funeral" {drain, rC+}
 32931 | Shoals:2 | Killed Roxanne
 33178 | Shoals:3 | Reached skill level 1 in Throwing
 33247 | Shoals:3 | Noticed Louise
 33265 | Shoals:3 | Killed Louise
 33749 | Shoals:4 | Entered Level 4 of the Shoals
 33757 | Shoals:4 | Identified the +0 leather armour of the Flying Gods
                  | {^Contam rElec rF+ rN++}
 33843 | Shoals:4 | Noticed Polyphemus
 33940 | Shoals:4 | Killed Polyphemus
 33964 | Shoals:4 | Reached skill level 15 in Armour
 34327 | Shoals:4 | Reached skill level 5 in Throwing
 34447 | Shoals:4 | Reached skill level 17 in Fighting
 34603 | Shoals:4 | Got a barnacled rune of Zot
 34787 | Shoals:4 | Reached XP level 20. HP: 165/165 MP: 25/25
 35879 | Elf:1    | Entered Level 1 of the Elven Halls
 35910 | Elf:1    | Found a glacial archway.
 35934 | IceCv    | Entered an ice cave
 36417 | IceCv    | Identified the +1 trident of Eternity {pain, rC++ Stlth+}
 36816 | IceCv    | Identified the +8 plate armour of Starshine {Rampage rElec
                  | Int-4 Stlth-}
 37987 | Elf:2    | Paralysed by an air elemental for 1 turns
 38269 | Elf:2    | Paralysed by an air elemental for 1 turns
 38277 | Elf:2    | Paralysed by an air elemental for 1 turns
 38305 | Elf:2    | Reached skill level 18 in Fighting
 38629 | Elf:2    | Found a runed translucent gate.
 38629 | Elf:2    | Found a runed translucent gate.
 38630 | Elf:2    | Found a runed translucent gate.
 38730 | Elf:3    | Entered Level 3 of the Elven Halls
 38888 | Elf:3    | Found the +2 pair of slick slippers {slick, slippery, EV+4}
 38899 | Elf:3    | Noticed HourglassMan's ghost (adept MDMo)
 38933 | Elf:3    | Found a transporter.
 39124 | Elf:3    | Found a transporter.
 39139 | Elf:3    | Found Meffaj's Weapon Shoppe.
 39989 | Elf:3    | Identified the amulet "Vuic" {Reflect Will+ Int+3 SH+5}
 40697 | Elf:3    | Identified the +5 spear "Uduanio" {antimagic, *Rage rC+
                  | rCorr}
 40761 | Elf:3    | Reached XP level 21. HP: 175/175 MP: 26/26
 41783 | Elf:3    | Got the Omnibus of the Comburant Salvo
 42176 | Elf:3    | Got the Octavo of Accelerants and the Boulder
 42432 | Vaults:1 | Entered Level 1 of the Vaults
 42511 | Vaults:1 | Found Fixyff's Jewellery Boutique.
 42563 | Vaults:1 | Found a one-way gate to the infinite horrors of the Abyss.
 42563 | Vaults:1 | Noticed Yloucecuu's ghost (veteran SpEn)
 42566 | Vaults:1 | Found a transporter.
 42566 | Vaults:1 | Found a transporter.
 42752 | Vaults:1 | Reached skill level 10 in Throwing
 42764 | Vaults:1 | Reached skill level 19 in Fighting
 43212 | Vaults:1 | Found Egurgh's Armour Emporium.
 44124 | Vaults:2 | You fall into a shaft and drop 2 floors!
 44665 | Vaults:4 | Reached XP level 22. HP: 166/185 MP: 24/27
 44740 | Vaults:4 | Found a magical portal.
 44749 | WizLab   | Entered Wucad Mu's Monastery
 45030 | WizLab   | Found the crystal ball of Wucad Mu {*channel}
 45075 | WizLab   | Reached XP level 23. HP: 193/193 MP: 28/28
 45386 | Vaults:4 | Noticed Xtahua
 45402 | Vaults:4 | Killed Xtahua
 45403 | Vaults:4 | Reached skill level 20 in Fighting
 47792 | Vaults:2 | Reached skill level 21 in Fighting
 48005 | Vaults:2 | Found a staircase to the Crypt.
 48202 | Vaults:2 | Got Sif Muna's Omnibus of Atmospheric Mortality
 49052 | Lair:1   | Killed confidenceinterval's ghost
 49612 | Snake:1  | Identified the +2 robe of the Blessed Realm {Rampage rF+
                  | Str-2}
 49631 | Snake:1  | Found a transporter.
 49640 | Snake:1  | Identified the +1 scale mail of Magowaum {Rampage *Slow
                  | rElec rC+}
 49900 | Depths:1 | Entered Level 1 of the Depths
 49995 | Depths:1 | Found a shadowy altar of Dithmenos.
 50092 | Depths:1 | Found a gateway to Hell.
 50221 | Depths:1 | Reached XP level 24. HP: 207/207 MP: 28/28
 50267 | Depths:1 | Found Ifataenu's General Store.
 50286 | Depths:1 | Found Cemasot's Book Boutique.
 50302 | Depths:1 | Bought a manual of Shields for 1200 gold pieces
 50302 | Depths:1 | Bought a manual of Throwing for 1200 gold pieces
 50438 | Depths:1 | Reached skill level 15 in Throwing
 50440 | Depths:1 | Found a hide-covered altar of Uskayaw.
 50497 | Depths:1 | Reached skill level 22 in Fighting
 50825 | Depths:1 | Found a one-way gate leading to the halls of Pandemonium.
 50973 | Depths:2 | Found a flickering gateway to a bazaar.
 50979 | Bazaar   | Entered a bazaar
 50983 | Bazaar   | Found Inkikeytix's Jewellery Boutique.
 51000 | Bazaar   | Found Runaskal's Antique Weapon Emporium.
 51024 | Bazaar   | Found Fitryepp's Book Boutique.
 51039 | Bazaar   | Found Ulyong's Antique Armour Shoppe.
 51069 | Bazaar   | Bought the ring of Buhunuf {Fire Slay+6} for 915 gold
                  | pieces
 51087 | Depths:2 | Learned a level 1 spell: Apportation
 51091 | Depths:2 | Learned a level 3 spell: Passwall
 52776 | Depths:3 | Found a one-way gateway to a ziggurat.
 53411 | Depths:4 | Entered Level 4 of the Depths
 53848 | Depths:4 | Reached XP level 25. HP: 190/216 MP: 28/28
 55025 | Depths:4 | Found a gate to the Realm of Zot.
 55028 | Depths:4 | Identified the +0 chain mail of the Treeataur {Regen+
                  | Dex+2}
 55046 | Depths:4 | Got Etre's Incunabulum of Wounds and the End
 56074 | Elf:3    | Killed HourglassMan's ghost
 57014 | Vaults:1 | Bought an amulet of regeneration for 510 gold pieces
 57129 | Vaults:5 | Entered Level 5 of the Vaults
 57328 | Vaults:5 | Found Syqogrot's Distillery.
 57368 | Vaults:5 | Bought a potion of might for 68 gold pieces
 57368 | Vaults:5 | Bought a potion of heal wounds for 85 gold pieces
 57368 | Vaults:5 | Bought a potion of heal wounds for 85 gold pieces
 57368 | Vaults:5 | Bought 2 potions of cancellation for 272 gold pieces
 57368 | Vaults:5 | Bought 2 potions of haste for 340 gold pieces
 57470 | Vaults:5 | Reached skill level 23 in Fighting
 57579 | Vaults:5 | Got a silver rune of Zot
 57654 | Vaults:5 | Noticed a dread lich
 57757 | Vaults:5 | Reached XP level 26. HP: 217/218 MP: 28/28
 57783 | Vaults:5 | Noticed Sojobo
 57806 | Vaults:5 | Identified the +5 plate armour of Roateonn {rC+ Slay+2}
 57827 | Vaults:5 | Killed Sojobo
 58266 | Vaults:5 | Killed a dread lich
 58437 | Vaults:5 | Identified the staff "Qopiezur" {rF+ Will- Str+8 Fire}
 58450 | Vaults:5 | Identified the staff of the Muttering Sybil {*Slow rElec
                  | Str+5 Earth Alchemy}
 59398 | Orc:2    | Bought a scroll of enchant armour for 112 gold pieces
 59546 | D:15     | Bought a potion of mutation for 128 gold pieces
 59588 | D:14     | Bought a phial of floods for 640 gold pieces
 59926 | Zot:1    | Entered Level 1 of the Realm of Zot
 60719 | Zot:3    | Reached skill level 10 in Invocations
 61325 | Zot:3    | Reached skill level 10 in Evocations
 61458 | Zot:3    | Identified the orb of Fedhas's Approval {*Rage, rC+ Will+}
 61802 | Zot:5    | Entered Level 5 of the Realm of Zot
 62061 | Zot:5    | Reached skill level 1 in Earth Magic
 62111 | Zot:5    | Reached skill level 1 in Spellcasting
 62111 | Zot:5    | Reached XP level 27. HP: 166/231 MP: 31/31
 62649 | Zot:5    | Noticed an orb of fire
 62834 | Zot:5    | Noticed a dread lich
 62839 | Zot:5    | Killed a dread lich
 62866 | Zot:5    | Noticed an ancient lich
 62873 | Zot:5    | Killed an ancient lich
 63017 | Zot:5    | Noticed an orb of fire
 63024 | Zot:5    | Killed an orb of fire
 63489 | Zot:5    | Noticed a dread lich
 63501 | Zot:5    | Killed a dread lich
 63744 | Zot:5    | Noticed an orb of fire
 63748 | Zot:5    | Killed an orb of fire
 64092 | Zot:5    | Reached skill level 5 in Earth Magic
 64130 | Zot:5    | Noticed a dread lich
 64133 | Zot:5    | Paralysed by a dread lich for 5 turns
 64140 | Zot:5    | Killed a dread lich
 64152 | Zot:5    | Noticed an orb of fire
 64158 | Zot:5    | Killed an orb of fire
 64778 | Zot:5    | Got the Orb of Zot
 65331 | D:$      | Escaped with the Orb!

Illustrated notes

Levels and vault maps discovered:
D:1:      lightli_arrival_statuegarden, layout_loops_corners, serial_shops,
          nicolae_shop_window_shopping
D:2:      layout_basic, uniq_terence
D:3:      layout_basic, grunt_temple_overflow_lords_of_destruction,
          due_unseen_surprise, uniq_ijyb
D:4:      layout_basic, mainiacjoe_overflow_paths, trog_three_pillars_becter,
          uniq_menkaure
D:5:      minmay_polygon_palace, layout_cave_pods, general_overflow_altar,
          nicolae_overflow_hidden_temple, serial_shops, nicolae_diamond_shop,
          minmay_misc_feat_rows
D:6:      layout_cave_pools, minmay_temple_entry_statues_fountains
D:7:      layout_basic, uniq_pikel, uniq_prince_ribbit1, uniq_maggie
D:8:      layout_loops_ring, mainiacjoe_overflow_surrounded_room, serial_shops,
          shop, uniq_maurice
D:9:      layout_basic, nicolae_qazlal_general_emergency, guppyfry_shop_venom
D:10:     layout_long_grid, mainiacjoe_overflow_24_doors, lemuel_blue_sif_altar,
          due_lair_maze_entry_diamond
D:11:     minmay_tile_spiral, layout_irregular_city, grunt_decor_arrowhead,
          minmay_the_grid_2x2 [minmay_the_grid_spin_star,
          minmay_the_grid_minigrid_medium, minmay_the_grid_empty,
          minmay_the_grid_prize_four_corners_diamond_a], uniq_grum
D:12:     layout_big_octagon, orc_0_dummy, nicolae_ashenzari_panopticon
D:13:     layout_basic, gauntlet_entry_generic
D:14:     layout_roguey, lightli_vaults_fourway_checkpoint, serial_shops,
          shop_fountains, hangedman_abyss_or_decor_slice,
          nemelex_xobeh_ov_fountains_minmay, uniq_frances, uniq_lodul
D:15:     grunt_enter_depths_snipers, layout_cave_pools, serial_shops, shop,
          nicolae_square_shop, nicolae_shop_industrial_runoff, shop,
          serial_bayou_lagoon_a, uniq_azrael
Temple:   nicolae_temple_superstar
Lair:1:   layout_chaotic_city, gammafunk_ghost_necromancy, grunt_megastairs_4,
          lemuel_fruit_tree
Lair:2:   layout_roguey, nicolae_shoals_entry_roost, special_room
          [special_room_bee], grunt_forest_stairs_clearing, serial_bayou_shore_b
Lair:3:   layout_gridlike, guppyfry_snake_entry_island,
          nicolae_quartered_pool_impasse
Lair:4:   layout_loops_ring, grunt_megastairs_2, lemuel_fruit_fields,
          serial_bayou_shore_a
Lair:5:   hangedman_lair_tendril_chambers, layout_cave_pods,
          hangedman_lair_caniforms_friends, nicolae_slime_entry_field_trip,
          dreamdust_mushroom_princess
Shoals:1: layout_shoals, nicolae_shoals_enchanted_isle
Shoals:2: layout_shoals, uniq_ilsuiw, uniq_roxanne, uniq_donald
Shoals:3: cheibrodos_shoals_baths, layout_shoals,
          nicolae_shoals_arrival_archipelago, uniq_louise
Shoals:4: shoals_end_grunt_ice, layout_shoals, uniq_polyphemus
Snake:1:  gammafunk_sealed_library, layout_chambers,
          nicolae_snake_gridmaze_entwining, serial_bayou_pond_a
Snake:2:  layout_gridlike, special_room, minmay_shoptagon
Snake:3:  layout_gridlike, nicolae_triple_integral
Snake:4:  snake_pit, layout_concentric_octagons, nicolae_letterblocks
          [nicolae_letter_subblock, nicolae_letter_subblock,
          nicolae_letter_subblock, nicolae_letter_subblock,
          nicolae_letter_subblock, nicolae_letter_subblock,
          nicolae_letter_subblock, nicolae_letter_subblock,
          nicolae_letter_subblock, nicolae_letter_subblock,
          nicolae_letter_subblock, nicolae_letter_subblock,
          nicolae_letter_subblock, nicolae_letter_subblock,
          nicolae_letter_subblock, nicolae_letter_subblock,
          nicolae_letter_subblock, nicolae_letter_subblock,
          nicolae_letter_subblock, nicolae_letter_subblock,
          nicolae_letter_subblock, nicolae_letter_subblock,
          nicolae_letter_subblock, nicolae_letter_subblock,
          nicolae_letter_subblock], uniq_aizul, uniq_saint_roka
Orc:1:    layout_diamond_mine, special_room [special_room_orc], mines5_lemuel,
          uniq_snorg
Orc:2:    grunt_orc_cross, layout_caves, serial_shops, nicolae_shop_trees,
          nicolae_orc_lava_tube, uniq_jorgrun
Elf:1:    minmay_elf_arrival_plus, layout_geoelf_octagon,
          portal_ice_cave_entry_ice_statue_two, minivault_28,
          nicolae_elf_variegated_diamond
Elf:2:    nicolae_elf_blades_splatter_lattice
          [nicolae_blade_entry_sentries_behind_glass], layout_onion_city,
          serial_glass, glass_columns_c, glass_columns_a
Elf:3:    nooodl_elf_gasket, layout_gridlike, gammafunk_ghost_arena,
          serial_shops, nicolae_shop_bloodbath_and_beyond
Vaults:1: gammafunk_ghost_abyssal_escape, ontoclasm_vaults_twist,
          grunt_vaults_swirl, nicolae_vaults_network_square,
          hangedman_vaults_hat, nicolae_vaults_circle_grid_b,
          hangedman_vaults_stream, nicolae_vaults_storage_room_glass,
          vaults_standard_mumra_enter_the_diamond, nicolae_vaults_house_1,
          nicolae_vaults_diamond_1, nicolae_vaults_security_offices_1,
          dpeg_vaults_monster_box, nicolae_vaults_tetromino_L_2,
          layout_vaults_omnicross, serial_shops, shop, shop
Vaults:2: serial_library_hellmonk_angled_corner,
          nicolae_vaults_trapezoid_lopsided_4,
          minmay_crypt_entry_simple_corners, vaults_room_stairs_pillars,
          v_misc_28, nicolae_vaults_closet_pinwheel_5,
          nicolae_vaults_little_squares_6, layout_vaults_omnigrid
Vaults:3: hangedman_vaults_stitches, vaults_room_grid, nicolae_vaults_house_2,
          nicolae_vaults_shrinking_rooms_1, nicolae_vaults_tetromino_Z_1,
          nicolae_vaults_ring_of_whatevers, nicolae_vaults_turnstiles,
          v_misc_11, nicolae_vaults_double_plus_2, layout_vaults_chaotic_city,
          uniq_margery
Vaults:4: mu_enter_wizlab_3, nicolae_vaults_offset_grid_hallway_2,
          nicolae_vaults_big_ls, hangedman_vaults_slice,
          nicolae_vaults_trapezoid_lopsided_4, nicolae_vaults_gold_heap,
          ontoclasm_vaults_eye, serial_ice_h, vaults_standard_mumra_lines,
          nicolae_vaults_storage_closets_3, grunt_vaults_trifunnel, st_lattice,
          nicolae_vaults_house_3, layout_vaults_maze_snakey, uniq_xtahua
Vaults:5: uniq_sojobo
Depths:1: layout_roguey, rand_demon_pan_entry_4, hell_entry,
          nicolae_uskayaw_en_pointe, st_stairs_9,
          grunt_dithmenos_smoke_and_mirrors, firewood_loft, grunt_megastairs_3,
          minmay_shop_star
Depths:2: minmay_big_diamond_grid, layout_gridlike, rand_demon_pan_entry_8,
          hell_entry, serial_shops, bzr_entry_safe
Depths:3: minmay_guarded_unrand_sceptre_of_torment, layout_cave_pools,
          enter_ziggurat_f, hellmouth_1, hangedman_abyss_entry_splay
Depths:4: lemuel_castle_with_subvaults [lemuel_castle_interior_carwin_3],
          layout_basic, hangedman_coc_ice_floe, nicolae_tricolors
Zot:1:    layout_concentric_octagons, bh_zot_ikea_curve, st_stairs_9,
          regret_index_zotdec_dark_gr
Zot:2:    nicolae_zot_stationary_front, layout_onion_interference,
          skrybe_zot_glass_2, hangedman_swamp_dais
Zot:3:    evilmike_crystal_ball_defense, layout_gridville,
          regret_index_zot_stipple_split, grunt_ministairs_13
Zot:4:    kennysheep_bubbly, layout_concentric_octagons,
          regret_index_zotdec_slimy_original
Zot:5:    layout_basic, drop_trap, st_stairs_5, grunt_ministairs_6

Skill      XL: |  1  2  3  4  5  6  7  8  9 10 11 12 13 14 15 16 17 18 19 20 21 22 23 24 25 26 27 |
---------------+----------------------------------------------------------------------------------+-----
Fighting       | 3 4 5 6 7 8 9 10 11 12 14 15 17 18 19 21 22 23 | 23.0
Polearms       | 3 4 5 6 8 |  8.3
Armour         | 1 2 3 5 7 8 10 11 13 15 16 18 19 | 19.8
Evocations     | 1 3 5 6 10 11 | 11.2
Invocations    | 3 6 7 10 11 | 11.5
Axes           | 4 7 9 10 13 15 16 17 18 19 | 19.7
Shields        | 5 8 10 12 13 14 15 16 18 19 20 21 | 21.9
Dodging        | 4 5 6 7 8 9 |  9.0
Throwing       | 5 9 11 12 14 17 19 20 | 20.7
Earth Magic    | 1 6 |  6.0
Spellcasting   | 1 3 |  3.7

Action                     |  1- 3 |  4- 6 |  7- 9 | 10-12 | 13-15 | 16-18 | 19-21 | 22-24 | 25-27 || total
---------------------------+-------+-------+-------+-------+-------+-------+-------+-------+-------++-------
  Melee: Spear             |    74 |    98 |   216 |   510 |   442 |       |       |       |       ||  1340
         Tailslap          |     9 |    14 |    24 |    82 |   189 |   147 |   321 |   266 |   352 ||  1404
         War axe           |       |       |       |       |   637 |   798 |   879 |       |       ||  2314
         Broad axe         |       |       |       |       |       |    29 |   619 |  1060 |  1303 ||  3011
  Throw: Dart              |       |       |       |       |     2 |       |       |       |       ||     2
         Boomerang         |       |       |       |       |       |       |       |       |    72 ||    72
         Javelin           |       |       |       |       |       |       |       |       |     8 ||     8
 Invoke: Recall Ancestor   |       |       |     1 |     4 |     3 |    11 |    21 |     8 |    17 ||    65
         Ancestor Life: Ba |       |       |     1 |       |       |       |       |       |       ||     1
         Idealise          |       |       |       |     1 |     4 |     3 |     5 |     2 |    14 ||    29
  Evoke: Wand              |       |     6 |       |     8 |     9 |    17 |     7 |       |    12 ||    59
         Phantom mirror    |       |       |       |     1 |     1 |       |       |       |       ||     2
         Lightning rod     |       |       |       |     1 |       |     1 |       |       |       ||     2
         Sack of spiders   |       |       |       |       |       |       |       |       |     1 ||     1
    Use: Potion            |       |     2 |       |     2 |     1 |     4 |     4 |     8 |     4 ||    25
         Scroll            |       |     4 |     1 |    11 |    17 |    19 |     7 |     5 |    22 ||    86
   Stab: Distracted        |       |       |     1 |     3 |    18 |    16 |    33 |    33 |    26 ||   130
         Sleeping          |       |       |       |       |       |     2 |     2 |       |       ||     4
         Invisible         |       |       |       |       |       |       |       |       |     8 ||     8
 Armour: Robe              |    32 |    17 |       |       |       |       |       |       |       ||    49
         Chain mail        |       |    27 |   123 |   283 |       |       |       |       |       ||   433
         Scale mail        |       |       |       |    25 |   589 |    16 |       |       |       ||   630
         Leather armour    |       |       |       |       |       |   298 |   304 |       |       ||   602
         Plate armour      |       |       |       |       |       |       |   449 |   670 |   709 ||  1828
  Dodge: Dodged            |    35 |    24 |    44 |    61 |   198 |   196 |   308 |   242 |   227 ||  1335
  Block: Kite shield       |       |       |       |    36 |   760 |   636 |   918 |   867 |   224 ||  3441
         Tower shield      |       |       |       |       |       |       |       |       |   953 ||   953
         Reflection        |       |       |       |       |       |       |       |       |    17 ||    17

Table legend: (Time is in decaauts)
 A = Elapsed time spent in this place.
 B = Non-inter-level travel time spent in this place.
 C = Inter-level travel time spent in this place.
 D = Time resting spent in this place.
 E = Time spent auto-exploring this place.
 F = Levels seen in this place.
 G = Mean time per level.
                   A        B        C        D        E       F      G
               +--------+--------+--------+--------+--------+-----+--------+
         Total |  60267 |  53524 |   6743 |  13418 |  28120 |  52 | 1159.0 |
       Dungeon |  16604 |  13619 |   2985 |   2895 |   8208 |  15 | 1106.9 |
        Temple |     34 |      4 |     30 |      0 |      0 |   1 |   34.0 |
          Lair |   6060 |   5482 |    578 |    658 |   3631 |   5 | 1212.0 |
        Shoals |   4588 |   4183 |    405 |   1459 |   1782 |   4 | 1147.0 |
     Snake Pit |   5898 |   5622 |    276 |   1506 |   3167 |   4 | 1474.5 |
  Orcish Mines |   1906 |   1281 |    625 |     70 |    918 |   2 |  953.0 |
   Elven Halls |   5668 |   5332 |    336 |   2416 |   1753 |   3 | 1889.3 |
        Vaults |   7794 |   7060 |    734 |    424 |   4805 |   5 | 1558.8 |
        Depths |   5253 |   4817 |    436 |    912 |   2699 |   4 | 1313.2 |
           Zot |   4666 |   4334 |    332 |   2669 |    457 |   5 |  933.2 |
        Bazaar |     95 |     95 |      0 |      0 |     71 |   1 |   95.0 |
      Ice Cave |    977 |    977 |      0 |    262 |    456 |   1 |  977.0 |
        Wizlab |    369 |    369 |      0 |    116 |      0 |   1 |  369.0 |
      Gauntlet |    350 |    350 |      0 |     26 |    170 |   1 |  350.0 |
               +--------+--------+--------+--------+--------+-----+--------+

Top non-repeatable levels by time:
    D:11: 3831 daAuts
   Elf:3: 3547 daAuts
   Zot:5: 2828 daAuts
 Snake:1: 2266 daAuts
  Lair:5: 2087 daAuts
Vaults:5: 1849 daAuts
Depths:4: 1811 daAuts
Shoals:2: 1769 daAuts
Vaults:1: 1690 daAuts
Vaults:3: 1662 daAuts
Vaults:4: 1455 daAuts
Depths:2: 1430 daAuts
 Snake:4: 1425 daAuts
    D:14: 1403 daAuts
Depths:1: 1350 daAuts
